 Dungeon Crawl Stone Soup version 0.27-a0-1272-g7c8ad2e407 (webtiles) character file.

Game seed: 9304044281964524986

31 Glokmah the Caller (level 3, -1/26 HPs)
             Began as a Merfolk Summoner on June 11, 2021.
             Succumbed to an adder's poison
             ... on level 3 of the Dungeon.
             The game lasted 00:03:57 (2628 turns).

Glokmah the Caller (Merfolk Summoner)               Turns: 2628, Time: 00:03:58

Health: -1/26      AC:  2    Str:  9    XL:     3   Next: 22%
Magic:  6/6        EV: 13    Int: 14    God:
Gold:   69         SH:  0    Dex: 14    Spells: 4/6 levels left

rFire    . . .     SeeInvis .   a - +0 spear
rCold    . . .     Faith    .   (no shield)
rNeg     . . .     Spirit   .   f - +0 robe
rPois    .         Reflect  .   (no helmet)
rElec    .         Harm     .   (no cloak)
rCorr    .         Rampage  .   (no gloves)
Will     .....                  (no boots)
Stlth    ++........             (no amulet)
HPRegen  0.08/turn              (no ring)
MPRegen  0.10/turn              (no ring)

@: lethally poisoned (-1 -> -4)
A: (nimble swimmer 2), mertail
a: no special abilities


You were on level 3 of the Dungeon.
You visited 1 branch of the dungeon, and saw 4 of its levels.

You collected 69 gold pieces.

Inventory:

Hand Weapons
 a - a +0 spear (weapon)
Armour
 f - a +0 robe (worn)
Potions
 b - a potion of heal wounds {unknown}
 e - 2 potions of might
 g - a potion of mutation {unknown}
 h - 2 potions of degeneration {unknown}


   Skills:
 + Level 1.1 Fighting
 + Level 1.5 Polearms
 + Level 3.2 Dodging
 - Level 2.1 Stealth
 + Level 2.3 Spellcasting
 + Level 4.2 Summonings


You had 4 spell levels left.
You knew the following spells:

 Your Spells              Type           Power      Damage    Failure   Level
b - Call Imp              Summ           13%        N/A       6%          2

Your spell library contained the following spells:

 Spells                   Type           Power      Damage    Failure   Level
 Summon Small Mammal      Summ           52%        N/A       4%          1
 Call Canine Familiar     Summ           13%        N/A       12%         3
 Magic Dart               Conj           4%         1d3       24%         1
 Summon Guardian Golem    Hex/Summ       7%         N/A       28%         3
 Blink                    Tloc           N/A        N/A       34%         2
 Slow                     Hex            1%         N/A       34%         2
 Conjure Flame            Conj/Fire      1%         6-21      56%         3
 Mephitic Cloud           Conj/Pois/Air  1%         N/A       56%         3
 Summon Ice Beast         Ice/Summ       7%         N/A       67%         4
 Summon Lightning Spire   Summ/Air       7%         N/A       67%         4


Dungeon Overview and Level Annotations

Branches:
Dungeon (4/15)
 Temple: D:4-7

Altars:

Shops:
D:1 !


Innate Abilities, Weirdness & Mutations

((You are quick and stealthy near water. (Stealth+, EV+, Speed+++)))
Your lower body shifts to a powerful aquatic tail in water.


Message History

The adder is heavily wounded.
The adder bites you. The adder barely misses you.
You hit the adder but do no damage.
The adder is heavily wounded.
The adder bites you.
You are poisoned.
The adder poisons you!
You closely miss the adder.
The adder is heavily wounded.
You feel sick. The adder misses you.
You closely miss the adder.
The adder is heavily wounded.
You feel sick. The adder bites you.
You are more poisoned.
The adder poisons you! The adder barely misses you.
You hit the adder but do no damage.
The adder is heavily wounded.
You feel sick. The adder bites you.
You hit the adder.
The adder is heavily wounded.
You feel sick. The adder bites you.
* * * LOW HITPOINT WARNING * * *
You hit the adder but do no damage.
The adder is heavily wounded.
* * * LOW HITPOINT WARNING * * *
You feel sick. The adder bites you but does no damage. The adder misses you.
Okay, then.
Okay, then.
You barely miss the adder.
The adder is heavily wounded.
* * * LOW HITPOINT WARNING * * *
You feel sick. The adder bites you.
* * * LOW HITPOINT WARNING * * *
You hit the adder.
The adder is severely wounded.
* * * LOW HITPOINT WARNING * * *
You feel sick. The adder closely misses you.
You miss the adder.
The adder is severely wounded.
You die...

...# ...# ...#
...# ..#####
......# #.....#
#######
#...#.######.....#
#..............S@#
.......#####.....#
..........##...[.#
##################


You could see an adder.

Vanquished Creatures
  3 dart slugs
  3 endoplasms
  2 giant cockroaches
  2 hobgoblins
  A quokka (D:3)
  2 ball pythons
  4 bats
  A rat (D:3)
18 creatures vanquished.

Vanquished Creatures (collateral kills)
  A goblin (D:1)
  2 jackals (D:2)
  4 kobolds (D:1)
7 creatures vanquished.

Grand Total: 25 creatures vanquished

Notes
Turn   | Place    | Note
-------+----------+-------------------------------------------
     0 | D:1      | Glokmah the Merfolk Summoner began the quest for the Orb.
     0 | D:1      | Reached XP level 1. HP: 13/13 MP: 3/3
   210 | D:1      | Found a faded altar of an unknown god.
  1018 | D:1      | Reached XP level 2. HP: 20/20 MP: 5/5
  1021 | D:1      | Learned a level 2 spell: Call Imp
  1080 | D:1      | Reached skill level 1 in Polearms
  1142 | D:1      | Found Acausatu's Distillery.
  2024 | D:2      | Reached skill level 1 in Fighting
  2238 | D:3      | Reached XP level 3. HP: 26/26 MP: 6/6
  2244 | D:3      | You fall into a shaft and drop 1 floor!
  2463 | D:3      | Noticed a necrophage
  2627 | D:3      | HP: 1/26 [poisoned by an adder]
  2628 | D:3      | Succumbed to an adder's poison

Illustrated notes

Levels and vault maps discovered:
D:1:      ncdulo_wetmaze, layout_basic, basic_ecumenical_altar, serial_shops,
          shop
D:2:      layout_loops_ring
D:3:      layout_rooms, cheibrodos_sewer_entry_bend
D:4:      layout_loops_corners, minmay_misc_feat_tiny, uniq_crazy_yiuf_cottage,
          uniq_natasha, uniq_pikel

Skill      XL: |  1  2 |
---------------+-------+-----
Polearms       | 1 |  1.5
Dodging        | 3 |  3.2
Fighting       | 1 |  1.1
Stealth        | |  2.1
Spellcasting   | |  2.3
Summonings     | |  4.2

Action                   || total
-------------------------++-------
Melee: Spear             ||   108
       Club              ||     2
       Unarmed           ||     2
 Cast: Summon Small Mamm ||    10
       Call Imp          ||    12
  Use: Scroll            ||     4
 Stab: Sleeping          ||    10
Armor: Robe              ||    20
Dodge: Dodged            ||    62

Table legend: (Time is in decaauts)
 A = Elapsed time spent in this place.
 B = Non-inter-level travel time spent in this place.
 C = Inter-level travel time spent in this place.
 D = Time resting spent in this place.
 E = Time spent auto-exploring this place.
 F = Levels seen in this place.
 G = Mean time per level.
                   A        B        C        D        E       F      G
               +--------+--------+--------+--------+--------+-----+--------+
         Total |   2629 |   2362 |    267 |    437 |   1460 |   4 |  657.2 |
       Dungeon |   2629 |   2362 |    267 |    437 |   1460 |   4 |  657.2 |
               +--------+--------+--------+--------+--------+-----+--------+

Top non-repeatable levels by time:
     D:1: 1342 daAuts
     D:2: 931 daAuts
     D:3: 346 daAuts
     D:4: 9 daAuts
